 Dungeon Crawl Stone Soup version 0.23.1-37-gaa34b87b72 (webtiles) character file.

Game seed: 14161096588410103155

44 PentaManta the Poker (level 3, -19/29 (30) HPs)
             Began as a Merfolk Chaos Knight on Mar 19, 2019.
             Was a Plaything of Xom.
             Demolished by a shadow (29 damage)
             ... summoned by the capriciousness of Xom
             ... on level 2 of the Dungeon.
             The game lasted 00:05:30 (1841 turns).

PentaManta the Poker (Merfolk Chaos Knight)         Turns: 1841, Time: 00:05:31

HP:   -19/29 (30)   AC:  8    Str: 13    XL:     3   Next: 60%
MP:   3/3           EV: 14    Int: 13    God:    Xom [.*....]
Gold: 94            SH:  0    Dex: 15    Spells: 2/2 levels left

rFire    . . .     SeeInvis .   a - +0 spear (chaos)
rCold    . . .     Gourm    .   (no shield)
rNeg     . . .     Faith    .   b - +2 leather armour
rPois    .         Spirit   .   (no helmet)
rElec    .         Reflect  .   (no cloak)
rCorr    .         Harm     .   (no gloves)
MR       .....                  (no boots)
Stlth    ++........             (no amulet)
HPRegen  0.09/turn              (no ring)
MPRegen  0.08/turn              (no ring)

@: no status effects
A: change form in water, swift swim, stealthy swim, thin metallic scales 2, thin
skeletal structure 1, clever 1
a: Renounce Religion


You were on level 2 of the Dungeon.
You worshipped Xom.
You were a plaything of Xom.
You were not hungry.

You visited 1 branch of the dungeon, and saw 2 of its levels.

You collected 94 gold pieces.

Inventory:

Hand Weapons
 a - a +0 spear of chaos (weapon)
Armour
 b - a +2 leather armour (worn)
Scrolls
 d - 3 scrolls of remove curse {unknown}
 e - 3 scrolls of identify {unknown}
 g - a scroll of enchant armour {unknown}
 h - a scroll of enchant weapon {unknown}
 i - a scroll of random uselessness {unknown}
Potions
 f - 2 potions of mutation {unknown}
 j - a potion of brilliance {unknown}
Comestibles
 c - 4 rations


   Skills:
 + Level 3.7 Fighting
 + Level 5.0 Polearms
 - Level 0.6 Armour
 * Level 4.1 Dodging


You had 2 spell levels left.
You didn't know any spells.
Your spell library was empty.

Dungeon Overview and Level Annotations

Branches:
Dungeon (2/15)

Altars:


Innate Abilities, Weirdness & Mutations

You revert to your normal form in water You are very nimble and swift while swimming.
You are very stealthy in the water. (Stealth+)
You are mostly covered in thin metallic scales. (AC +3)
You have a somewhat thin skeletal structure. (Dex +2, Stealth)
Your mind is acute. (Int +2)


Message History

The shadow hits you.
The helpless bullfrog zombie fails to defend itself.
You hit the bullfrog zombie. You burn the bullfrog zombie.
The bullfrog zombie is moderately damaged.
The shadow strikes at you from the darkness!
Reactivating autopickup.
The shadow slips into darkness.
The shadow flickers and vanishes!
Deactivating autopickup; reactivate with Ctrl-A.
The helpless bullfrog zombie fails to defend itself.
You hit the bullfrog zombie. You burn the bullfrog zombie.
The bullfrog zombie is moderately damaged.
The helpless bullfrog zombie fails to defend itself.
You hit the bullfrog zombie.
The bullfrog zombie appears confused.
The bullfrog zombie is moderately damaged.
The shadow misses you.
The shadow strikes at you from the darkness!
Ouch! That really hurt!
You die...
Xom snickers!

######........#.
############.###. #....#
#.###. #....# #.....
#....# ########
######....#####.......
......................
...######.(..#####.#####.
.
.......Z@W...............
#
.......{##########.#####.
# ......... #.# #. #
.......... #.# #. #
........... ... #. #
............ ... #. #
########..... .... #.
############## ......
##.## #. .............#
#.


You could see a shadow and a bullfrog zombie (petrified).

Vanquished Creatures
  2 adders (D:2)
  A dart slug (D:1)
  A leopard gecko (D:2)
  3 bats
  A giant cockroach (D:1)
  A goblin (D:1)
  5 hobgoblins
  4 kobolds
  A quokka (D:2)
  A frilled lizard (D:2)
  2 rats
22 creatures vanquished.

Notes
Turn   | Place    | Note
-------+----------+-------------------------------------------
     0 | D:1      | PentaManta the Merfolk Chaos Knight began the quest for the
                  | Orb.
     0 | D:1      | Reached XP level 1. HP: 18/18 MP: 1/1
   111 | D:1      | Reached XP level 2. HP: 19/24 MP: 2/2
   222 | D:1      | XOM: noise
   740 | D:2      | XOM: noise
   809 | D:2      | XOM: mild Ice miscast
  1347 | D:2      | XOM: mild Necr miscast
  1522 | D:2      | Reached XP level 3. HP: 28/28 MP: 3/3
  1652 | D:2      | XOM: give mutations
  1652 | D:2      | Gained mutation: You have a somewhat thin skeletal
                  | structure. (Dex +2, Stealth) [Xom's grace]
  1652 | D:2      | Gained mutation: You are partially covered in thin metallic
                  | scales. (AC +2) [Xom's grace]
  1652 | D:2      | Gained mutation: You are mostly covered in thin metallic
                  | scales. (AC +3) [Xom's grace]
  1652 | D:2      | Gained mutation: Your mind is acute. (Int +2) [Xom's grace]
  1691 | D:2      | Reached skill level 5 in Polearms
  1825 | D:2      | XOM: enchant monster (good)
  1828 | D:2      | XOM: noise
  1831 | D:2      | XOM: medium Necr miscast
  1832 | D:2      | Noticed a shadow
  1832 | D:2      | Noticed a shadow
  1841 | D:2      | Demolished by a shadow

Skill      XL: |  1  2  3 |
---------------+----------+-----
Dodging        | 3 4 |  4.1
Polearms       | 5 |  5.0
Fighting       | |  3.7
Armour         | |  0.6

Action                   || total
-------------------------++-------
Melee: Spear             ||    93
 Stab: Paralysed         ||     2
       Petrified         ||     8
  Eat: Ration            ||     1
Armor: Leather armour    ||    41
Dodge: Dodged            ||    54
